Map: Junção Kairos LE

Players

Vicster - Winner!

  • Race: Terran Terran
  • League: Gold
  • Spawn Location: 11:00

MahKill

  • Race: Zerg Zerg
  • League: Gold
  • Spawn Location: 5:00

VOD

Have the link to the VOD?

Description

Time

  • Played on: Jan. 5, 2019, 9:09 a.m.
  • Length: 13:07
Show
View Real Time Build Order
Export as new Build Order

Vicster Terran - Winner!

Build Orders:  

Get SALT Encoding   

  12  0:01  SCV  
  13  0:13  SCV  
  14  0:18  Supply Depot  
  14  0:25  SCV  
  15  0:39  SCV  
  16  0:43  Barracks  
  16  0:52  SCV  
  17  1:03  Refinery  
  17  1:04  SCV  
  18  1:10  Refinery  
  18  1:16  SCV  
  19  1:28  SCV  
  19  1:31  Supply Depot  
  20  1:34  Marine  
  21  1:40  Orbital Command  
  21  1:46  Barracks  
  21  1:52  Marine  
  22  2:00  Supply Depot  
  22  2:06  SCV  
  23  2:10  Marine  
  23  2:15  Factory  
  24  2:18  SCV  
  25  2:23  Supply Depot  
  25  2:28  Barracks Reactor  
  25  2:30  SCV  
  25  2:33  Barracks Tech Lab  
  26  2:42  SCV  
  27  2:46  Supply Depot  
  27  2:51  Stimpack  
  27  2:52  Marine  
  27  2:55  SCV  
  27  2:58  Factory Tech Lab  
  29  3:04  Marine x2  
  31  3:07  SCV  
  31  3:10  Starport  
  32  3:18  Engineering Bay  
  32  3:19  SCV  
  33  3:22  Marine  
  34  3:31  SCV  
  35  3:39  Marine  
  36  3:41  Siege Tank  
  36  3:42  Marine x2  
  36  3:44  SCV  
  42  3:52  Starport Reactor, Missile Turret  
  42  3:56  SCV  
  42  3:57  Marine  
  42  3:59  Marine x2  
  46  4:15  Marine  
  47  4:17  Marine x2, Barracks  
  47  4:19  SCV  
  47  4:23  Supply Depot  
  50  4:31  SCV  
  50  4:32  Medivac  
  50  4:33  Marine  
  50  4:35  Marine  
  55  4:44  SCV  
  56  4:45  Supply Depot  
  56  4:51  Combat Shield  
  56  4:52  Terran Infantry Weapons Level 1  
  56  4:54  Marine x3  
  56  4:56  SCV  
  60  5:09  SCV  
  53  6:06  SCV  
  53  6:07  Marine x2  
  53  6:08  Marine x2  
  53  6:18  SCV  
  53  6:25  Marine x3  
  53  6:26  Marine  
  53  6:30  SCV  
  54  6:42  SCV  
  49  6:54  SCV  
  49  7:00  Barracks Tech Lab  
  48  7:09  Supply Depot  
  48  7:11  Command Center, Terran Infantry Armor Level 1  
  48  7:17  Marine  
  48  7:18  Marine x3  
  48  7:19  Siege Tank  
  48  7:20  Medivac x2  
  59  7:28  Barracks  
  59  7:29  Barracks  
  59  7:35  Marine x2  
  59  7:36  Marine  
  59  7:37  Supply Depot  
  62  7:43  Concussive Shells  
  62  7:45  Marauder  
  62  7:50  Medivac  
  66  7:53  Marine  
  67  8:00  Supply Depot  
  67  8:03  Marine  
  68  8:13  Refinery  
  68  8:17  Refinery  
  68  8:20  Barracks Tech Lab  
  68  8:22  Barracks Tech Lab, Supply Depot  
  68  8:25  Marine  
  69  8:34  Armory  
  69  8:44  Orbital Command  
  69  8:47  Supply Depot  
  69  9:04  Marine x3, Marauder x2  
  76  9:15  SCV x2  
  78  9:19  Supply Depot  
  78  9:24  Terran Vehicle Weapons Level 1  
  78  9:27  SCV  
  78  9:30  SCV  
  80  9:36  Terran Infantry Weapons Level 2  
  80  9:39  SCV  
  80  9:42  SCV, Supply Depot  
  82  10:01  Marine x3, Marauder  
  82  10:02  Marauder x2  
  82  10:06  Siege Tank  
  94  10:07  Medivac  
  96  10:19  Marine x2  
  96  10:20  Marauder  
  96  11:23  SCV  
  96  11:35  SCV  
  96  11:48  SCV  
Show
View Real Time Build Order
Export as new Build Order

MahKill Zerg 

Build Orders: Hatch First 

Get SALT Encoding   

  12  0:02  Drone  
  13  0:11  Drone  
  14  0:25  Overlord  
  14  0:31  Extractor  
  14  0:33  Drone  
  15  0:47  Drone  
  15  0:48  Drone  
  17  0:57  Drone  
  17  0:59  Hatchery  
  17  1:12  Spawning Pool  
  17  1:16  Drone  
  17  1:19  Drone  
  17  1:23  Drone  
  19  1:32  Extractor  
  18  1:35  Drone  
  19  1:46  Overlord  
  19  1:59  Queen  
  22  2:01  Zergling x2  
  22  2:06  Zergling x2  
  23  2:11  Drone  
  23  2:12  Queen  
  26  2:16  Zergling x2  
  27  2:24  Zergling x2  
  28  2:35  Drone x2  
  30  2:37  Zergling x2  
  30  2:40  Metabolic Boost  
  31  2:45  Overlord  
  31  2:46  Overlord  
  31  2:58  Zergling x2  
  32  2:59  Roach Warren, Drone  
  32  3:06  Drone  
  32  3:09  Drone  
  32  3:10  Zergling x4  
  36  3:31  Drone x4  
  36  3:32  Pneumatized Carapace  
  40  3:46  Drone x3  
  40  3:48  Extractor  
  42  3:57  Drone x2  
  43  4:14  Overlord x4  
  43  4:16  Overlord  
  43  4:22  Spore Crawler  
  42  4:27  Spore Crawler  
  41  4:32  Spore Crawler  
  41  4:35  Drone  
  41  4:36  Drone  
  42  4:47  Spore Crawler, Drone x2  
  42  4:48  Drone  
  44  4:56  Drone  
  44  4:57  Drone x4  
  44  4:58  Spore Crawler  
  48  5:08  Lair  
  48  5:09  Zergling x8  
  48  5:12  Roach x2  
  48  5:13  Roach, Spore Crawler  
  53  5:36  Zergling x8  
  53  5:37  Zergling x6  
  55  5:48  Roach x5  
  51  5:58  Roach  
  50  6:17  Roach  
  50  6:18  Roach  
  44  6:30  Zergling x4  
  37  6:51  Overlord x3  
  31  7:06  Overlord x3, Hatchery  
  30  7:08  Queen  
  32  7:18  Drone  
  32  7:19  Drone  
  32  7:20  Drone  
  35  7:25  Roach  
  37  7:40  Drone  
  38  7:52  Spore Crawler  
  37  8:10  Spine Crawler  
  37  8:12  Drone x3  
  39  8:22  Drone  
  39  8:24  Drone  
  41  8:35  Drone  
  42  8:47  Drone  
  42  8:48  Queen, Drone  
  44  8:55  Drone x2  
  48  8:57  Evolution Chamber  
  47  9:05  Drone x2  
  47  9:07  Roach x2  
  53  9:20  Roach x3  
  60  9:24  Drone  
  60  9:28  Extractor, Hatchery  
  60  9:29  Extractor  
  57  9:46  Spine Crawler  
  56  10:12  Infestation Pit  
  55  10:20  Overseer  
  55  10:27  Zergling x16  
  65  10:28  Roach x2  
  65  10:34  Roach  
  59  10:50  Roach x3  
  62  11:09  Hatchery  
  53  11:17  Infestor x3  
Tags
 
League
GoldGold
Matchup
TvZ
Replay Pack
Vicster replay
Spawn Locations
Cross Positions
Add a new tag
Caveats
  • Supply blocks, unpowered buildings, or Contaminate may cause inaccurate times.
  • Supply counts are checked every 10 seconds.